Cogmind - Beta 9.1 @@@ ROGUE MODE // 2019.10.30 @ 14:25:13 Player: Alexbot Result: Destroyed by D-53 Grenadier with Mini Grenade Launcher Performance ------------- Evolutions (1) 500 Regions Visited (4) 800 Robots Destroyed (42) 210 Value Destroyed (1146) 1146 Prototype IDs (0) 0 Alien Tech Used (0) 0 Bonus (59) 59 TOTAL SCORE: 2715 Bonus ------- High Alert Combat Kills 59 Cogmind --------- Core Integrity 0/400 Matter 119/300 Energy 50/100 System Corruption 4% Temperature Cool (166) Location -9/Mines Parts ------- Power (1) Propulsion (2) Utility (4) High-capacity Storage Unit High-capacity Storage Unit Weapon Cycler Weapon (2) Assault Cannon Advanced Assault Cannon Inventory (20) Light Ion Engine Armored Wheel Armored Wheel Improved Cooling System Disposable Heat Sink Compact Battery (300) Compact Battery (300) Advanced Signal Interpreter Advanced Signal Interpreter Hacking Suite Rocket Launcher Rocket Launcher Spear Heavy Explosive Trap Heavy Explosive Trap Heavy Explosive Trap Peak State ------------ Power Reinforced Ion Engine Propulsion Armored Wheel Armored Wheel Utility Disposable Heat Sink High-capacity Storage Unit High-capacity Storage Unit Light Armor Plating Weapon Plasma Cannon Assault Cannon Inventory Light Ion Engine Armored Wheel Armored Wheel Improved Cooling System Disposable Heat Sink Compact Battery Compact Battery Advanced Signal Interpreter Advanced Signal Interpreter Weapon Cycler Improved Shield Generator Hacking Suite Assault Cannon Assault Cannon Advanced Assault Cannon Rocket Launcher Rocket Launcher Spear Heavy Explosive Trap Heavy Explosive Trap [Rating: 24] Favorites ----------- Power Ion Engine Engine Ion Engine Power Core Light Nuclear Core Propulsion Armored Wheel Wheel Armored Wheel Utility High-capacity Storage Unit Device Disposable Heat Sink Storage High-capacity Storage Unit Protection Light Armor Plating Weapon Particle Cannon Energy Cannon Particle Cannon Ballistic Gun Light Assault Rifle Ballistic Cannon Assault Cannon Launcher Rocket Launcher Build | -11 -10 -10 -9 -9 ------- Run | Scr Mat Min Mat Min Slots Evolved 2 | . . . 2 . Power . | . . . . . Propulsion . | . . . . . Utility 2 | . . . 2 . Weapon . | . . . . . Parts Attached 36 | 6 5 . 14 11 Power 5 | 1 1 . 2 1 Engine 4 | 1 . . 2 1 Core 1 | . 1 . . . Reactor . | . . . . . Propulsion 6 | 2 . . 4 . Treads . | . . . . . Leg . | . . . . . Wheel 6 | 2 . . 4 . Hover . | . . . . . Flight . | . . . . . Utility 11 | 1 3 . 5 2 Device 5 | . 2 . 2 1 Storage 3 | 1 1 . 1 . Processor . | . . . . . Hackware . | . . . . . Protection 3 | . . . 2 1 Artifact . | . . . . . Weapon 14 | 2 1 . 3 8 Energy Gun . | . . . . . Energy Cannon 5 | . . . 3 2 Ballistic Gun 3 | 2 1 . . . Ballistic Cannon 4 | . . . . 4 Launcher 2 | . . . . 2 Special Weapon . | . . . . . Impact Weapon . | . . . . . Slashing Weapon . | . . . . . Piercing Weapon . | . . . . . Special Melee Weapon . | . . . . . Unidentified Prototypes . | . . . . . Parts Lost 15 | . . . 4 11 Power 3 | . . . 1 2 Propulsion 2 | . . . . 2 Utility 4 | . . . 1 3 Weapon 6 | . . . 2 4 Highest Loss Streak 8 | . . . 3 8 Average Slot Usage (%) 94 | . 94 100 89 97 Engine 8 | . 5 . 9 10 Core 3 | . 8 14 1 . Wheel 23 | . 28 28 22 21 Device 10 | . 8 14 9 10 Storage 15 | . 14 14 12 22 Protection 9 | . . . 13 10 Energy Cannon 11 | . . . 19 10 Ballistic Gun 7 | . 28 28 2 . Ballistic Cannon 3 | . . . . 10 Naked Turns . | . . . . . Heaviest Build 90 | 10 42 42 81 90 Greatest Support 32 | 20 20 20 32 24 Greatest Overweight (x) 4 | . 2 2 4 3 Average Overweight (x) 1 | . . 2 1 3 Largest Inventory Capacity 20 | 6 12 12 20 20 Average Capacity 13 | 5 7 12 12 20 Most Carried 20 | 4 10 10 14 20 Average Carried 11 | 1 4 10 10 17 Final Capacity 20 | 6 12 12 20 20 Final Carried 16 | 4 10 10 14 16 Class Distribution -------------------- 64% | Mutant 35% | Hauler-Mutant Dominant Class ---------------- Mutant | -10/Materials Mutant | -10/Mines Mutant | -9/Materials Hauler-Mutant | -9/Mines Resources | -11 -10 -10 -9 -9 ----------- Run | Scr Mat Min Mat Min Matter Collected 636 | 175 128 31 227 75 Remotely . | . . . . . Salvage Created 1227 | . 165 43 800 219 Parts 95 | . 11 9 58 17 Haulers Intercepted . | . . . . . Recyclers Shooed 1 | . . . 1 . Parts Field Recycled . | . . . . . Retrieved Matter . | . . . . . Parts Self-Destructed . | . . . . . Prevented . | . . . . . Kills | -11 -10 -10 -9 -9 ------- Run | Scr Mat Min Mat Min Combat Hostiles Destroyed 35 | . 3 3 16 13 Guns 7 | . 3 3 1 . Cannons 21 | . . . 15 6 AOE 7 | . . . . 7 Classes Destroyed 10 | . 4 . 4 2 Worker 2 | . 1 . . 1 Recycler 1 | . 1 . . . Operator 2 | . . . 2 . Watcher 2 | . . . 2 . Swarmer 13 | . 1 3 2 7 Grunt 11 | . 2 . 5 4 Brawler 2 | . . . 2 . Duelist 1 | . . . . 1 Sentry 7 | . . . 7 . Demolisher 1 | . . . . 1 Best Kill Streak 6 | . 3 3 5 6 Combat Bots Only 5 | . 2 3 4 5 Max Kills in Single Turn 2 | . 1 1 1 2 Gunslinging . | . . . . . Exploded 2 | . . . . 2 Melee . | . . . . . Uniques/NPCs Destroyed . | . . . . . Combat | -11 -10 -10 -9 -9 -------- Run | Scr Mat Min Mat Min Damage Taken 2419 | . 230 52 760 1377 Core 459 | . 43 8 86 322 Absorbed by Shields . | . . . . . Core Remaining (%) 89 | 100 . 79 . . Volleys Fired 105 | . 17 8 53 27 Largest 2 | . 2 2 2 2 Hottest 136 | . 40 40 136 124 Shots Fired 201 | . 34 16 105 46 Gun 64 | . 34 16 14 . Cannon 132 | . . . 91 41 Launcher 5 | . . . . 5 Special . | . . . . . Kinetic 90 | . 34 16 14 26 Thermal 106 | . . . 91 15 Explosive 5 | . . . . 5 Electromagnetic . | . . . . . Robot Hit Streak 8 | . 7 6 7 8 Robot Miss Streak 6 | . 2 6 5 4 Penetration Max . | . . . . . Secondary Targets . | . . . . . Shots Hit Robots 109 | . 25 8 54 22 Core Hits 57 | . 11 5 23 18 Critical Hits 1 | . . . 1 . Critical Kills . | . . . . . Critical Parts Destroyed 1 | . . . 1 . Melee Attacks . | . . . . . Impact . | . . . . . Slashing . | . . . . . Piercing . | . . . . . Sneak Attacks . | . . . . . Combat Hostiles . | . . . . . Follow-up Attacks . | . . . . . Damage Inflicted 2392 | . 247 77 1064 1004 Guns 422 | . 247 77 98 . Cannons 1502 | . . . 966 536 Explosions 468 | . . . . 468 Melee . | . . . . . Ramming . | . . . . . Kinetic 798 | . 247 77 98 376 Thermal 1167 | . . . 966 201 Explosive 427 | . . . . 427 Electromagnetic . | . . . . . Impact . | . . . . . Slashing . | . . . . . Piercing . | . . . . . Highest Corruption 4 | . . . 4 4 Average Corruption 4 | . . . 4 4 Corruption Purged . | . . . . . Effects 15 | . . . 8 7 Message Errors 4 | . . . . 4 Matter Fused 2 | . . . 1 1 Heat Flow Errors 2 | . . . 2 . Energy Discharges 1 | . . . 1 . Data Loss (minor) 2 | . . . 1 1 Targeting Errors 3 | . . . 2 1 Weapon Failures 1 | . . . 1 . Overload Shots . | . . . . . Overflow Damage 47 | . . . 26 21 Projectiles 26 | . . . 26 . Explosions 21 | . . . . 21 Melee . | . . . . . Knockbacks 3 | . . . . 3 Impact . | . . . . . Kinetic 3 | . . . . 3 Secondary . | . . . . . Self-Inflicted Damage . | . . . . . Shots . | . . . . . Rammed . | . . . . . Targets Rammed . | . . . . . Kicked . | . . . . . Crushed . | . . . . . Highest Temperature 359 | . 21 . 359 212 Average Temperature 123 | . 9 . 130 118 Received Heat Transfer 366 | . 108 . 195 63 Effects 3 | . . . 3 . Energy Bleed 1 | . . . 1 . Interference 2 | . . . 2 . Siege Activations . | . . . . . Robots Corrupted . | . . . . . Combat Hostiles . | . . . . . Parts Fried . | . . . . . Impact Corruptions . | . . . . . Robots Melted . | . . . . . Combat Hostiles . | . . . . . Parts Melted 3 | . . . 2 1 Heat Transferred 2100 | . . . 1739 361 Parts Sabotaged . | . . . . . Parts Stolen . | . . . . . Parts Stripped . | . . . . . Power Chain Reactions . | . . . . . Missiles Intercepted . | . . . . . Alert | -11 -10 -10 -9 -9 ------- Run | Scr Mat Min Mat Min Peak Influence 532 | . 143 140 499 532 Average Influence 271 | . 89 61 312 395 Maximum Alert Level 2 | . . . 2 2 Low Security (%) 38 | . . . . . Level 1 33 | . . . . . Level 2 27 | . . . . . Level 3 . | . . . . . Level 4 . | . . . . . Level 5 . | . . . . . High Security . | . . . . . Max Security . | . . . . . Squads Dispatched 4 | . . . 3 1 Investigation 1 | . . . . 1 Extermination . | . . . . . Reinforcement 3 | . . . 3 . Assault . | . . . . . Garrison . | . . . . . Intercept . | . . . . . Construction Impeded . | . . . . . Haulers Reinforced . | . . . . . Stealth | -11 -10 -10 -9 -9 --------- Run | Scr Mat Min Mat Min Distress Signals 6 | . . . 6 . Communications Jammed . | . . . . . Distress Signals . | . . . . . Times Spotted 53 | . 6 3 30 14 Peak Tracking Total 6 | . 3 3 6 4 Tactical Retreats 3 | . 1 . 1 1 Traps | -11 -10 -10 -9 -9 ------- Run | Scr Mat Min Mat Min Traps Triggered . | . . . . . Indirectly . | . . . . . Trap Hack Attempts . | . . . . . Triggered . | . . . . . Disarmed . | . . . . . Reprogrammed . | . . . . . Reused . | . . . . . Traps Extracted . | . . . . . Installed . | . . . . . Triggered . | . . . . . Machines | -11 -10 -10 -9 -9 ---------- Run | Scr Mat Min Mat Min Machines Disabled 7 | . 1 . 2 4 Max in Single Turn 4 | . 1 . 1 4 Machines Sabotaged . | . . . . . Garrisons Compromised . | . . . . . Overloaded Fab Kills . | . . . . . Fab Network Shutdowns . | . . . . . Hacking | -11 -10 -10 -9 -9 --------- Run | Scr Mat Min Mat Min Machines Accessed 5 | . 1 . 3 1 Terminals 4 | . 1 . 3 . Fabricators . | . . . . . Repair Stations . | . . . . . Recycling Units . | . . . . . Scanalyzers . | . . . . . Garrison Access . | . . . . . Total Hacks 11 | . 1 . 9 1 Successful 3 | . 1 . 1 1 Failed 8 | . . . 8 . Catastrophic 2 | . . . 2 . Database Lockouts . | . . . . . Manual 6 | . 1 . 5 . Terminals 10 | . 1 . 9 . Fabricators . | . . . . . Repair Stations . | . . . . . Recycling Units . | . . . . . Scanalyzers . | . . . . . Garrison Access . | . . . . . Terminal Hacks 3 | . 1 . 1 1 Open Door 1 | . . . . 1 Branch Access Points 2 | . 1 . 1 . Fabricator Hacks . | . . . . . Repair Station Hacks . | . . . . . Recycling Unit Hacks . | . . . . . Scanalyzer . | . . . . . Garrison Access Hacks . | . . . . . Unauthorized Hacks 2 | . . . 2 . Terminals . | . . . . . Fabricators . | . . . . . Repair Stations . | . . . . . Recycling Units . | . . . . . Scanalyzers . | . . . . . Garrison Access . | . . . . . Data Cores Recovered 1 | . . . 1 . Used . | . . . . . Hacking Detections 3 | . . . 3 . Full Trace Events 1 | . . . 1 . Feedback Events . | . . . . . Feedback Blocked . | . . . . . Robot Schematics Acquired . | . . . . . Robots Built . | . . . . . Matter . | . . . . . Time . | . . . . . Total Robot Build Rating . | . . . . . Part Schematics Acquired . | . . . . . Parts Built . | . . . . . Matter . | . . . . . Time . | . . . . . Total Part Build Rating . | . . . . . Parts Repaired . | . . . . . Time . | . . . . . Parts Recycled . | . . . . . Recycled Matter . | . . . . . Retrieved Matter . | . . . . . Retrieved Components . | . . . . . Parts Scanalyzed . | . . . . . Part Schematics Acquired . | . . . . . Parts Damaged . | . . . . . Bothacking | -11 -10 -10 -9 -9 ------------ Run | Scr Mat Min Mat Min Used RIF Installer . | . . . . . Robots Hacked . | . . . . . Non-combat . | . . . . . Combat . | . . . . . Robot Hacks Applied . | . . . . . Relay Couplers Released . | . . . . . Robots Rewired . | . . . . . Allies Hacked . | . . . . . Hacks Repelled . | . . . . . Allies | -11 -10 -10 -9 -9 -------- Run | Scr Mat Min Mat Min Total Allies . | . . . . . Largest Group . | . . . . . Highest-Rated Group . | . . . . . Highest-Rated Ally . | . . . . . Total Orders . | . . . . . Ally Attacks . | . . . . . Total Damage . | . . . . . Kills . | . . . . . Allies Corrupted . | . . . . . Allies Melted . | . . . . . Intel | -11 -10 -10 -9 -9 ------- Run | Scr Mat Min Mat Min Robot Analysis Total . | . . . . . Derelict Logs Recovered 3 | . . 1 . 2 Drone Launches . | . . . . . Drone Recoveries . | . . . . . Exploration | -11 -10 -10 -9 -9 ------------- Run | Scr Mat Min Mat Min Turns Passed 1562 | 54 222 151 657 478 Spaces Moved 1065 | 47 169 129 404 316 Core 2 | 2 . . . . Treads . | . . . . . Legs . | . . . . . Wheels 1063 | 45 169 129 404 316 Hover . | . . . . . Flight . | . . . . . Fastest Speed 50 | 50 80 100 100 120 Average Speed 106 | 78 85 100 110 120 Slowest Speed 130 | 80 100 100 130 120 Overloaded Moves . | . . . . . Propulsion Burnouts . | . . . . . Robots Hopped . | . . . . . Cave-ins Triggered . | . . . . . Exploration Rate (%) 36 | 4 40 40 41 58 Regions Visited 4 Branch Regions 2 Pre-discovered Areas . | . . . . . Known Exits Taken 3 | . 1 1 1 . Unknown Exits Taken 1 | 1 . . . . Scrap Searched . | . . . . . Spaces Dug . | . . . . . Terrain Destroyed 38 | . . . . 38 Melee . | . . . . . Projectile 13 | . . . . 13 AOE 25 | . . . . 25 Actions | -11 -10 -10 -9 -9 --------- Run | Scr Mat Min Mat Min Total 1295 | 61 215 136 513 370 Wait 31 | 3 16 . 9 3 Move 1061 | 46 168 128 403 316 Hop . | . . . . . Pick Up 38 | 6 5 . 16 11 Fast Attach 12 | 4 2 . 6 . Attach 13 | 2 . . 4 7 Detach 5 | . 1 . 4 . Swap 11 | . 3 . 4 4 Drop 19 | . 3 . 14 2 Fire 105 | . 17 8 53 27 Melee . | . . . . . Ram . | . . . . . Kick . | . . . . . Crush . | . . . . . Escape Stasis . | . . . . . Rewire . | . . . . . Trap . | . . . . . Miscellaneous . | . . . . . Route ------- -11/Scrapyard -10/Materials -10/Mines -9/Materials -9/Mines (discovered 2 exits: [*Mat] / [*Zio]) History --------- Turn | Location | Event 30 | -11/Scrapyard | Discovered new exit (range 15) 55 | -11/Scrapyard | Entered Materials 61 | -10/Materials | Identified exit to Mines 277 | -10/Materials | Entered Mines 290 | -10/Mines | Met a Derelict bent on vengeance 302 | -10/Mines | Build established: Mutant 317 | -10/Mines | Identified exit to Materials 428 | -10/Mines | Entered Materials 428 | -9/Materials | Evolved 2 slots: Utility x2 533 | -9/Materials | Lost 3 parts (1p1u1w) 951 | -9/Materials | Identified exit to Mines 1085 | -9/Materials | Entered Mines 1088 | -9/Mines | Discovered new exit (range 14) 1113 | -9/Mines | Learned Materials garrison access intel 1115 | -9/Mines | Met a Derelict shopkeep closing up shop 1324 | -9/Mines | A Derelict revealed a hidden shortcut to a safe place 1325 | -9/Mines | Build established: Hauler-Mutant 1364 | -9/Mines | Received a Rocket Launcher from a helpful Derelict 1463 | -9/Mines | Found a hidden stash of uninstalled traps 1527 | -9/Mines | Assembled infested the area 1546 | -9/Mines | Core integrity fell below 50% 1562 | -9/Mines | Core integrity fell below 20% 1563 | -9/Mines | Destroyed by D-53 Grenadier with Mini Grenade Launcher Last Messages --------------- 01549_ U-05 Engineer builds a Wall. 01550_ K-01 Serf destroyed. 01551_ The unstable cave ceiling collapses. 01552_ Rnf. Ion Engine destroyed. 01553_ The unstable cave ceiling collapses. 01553_ Arm. Wheel destroyed. 01553_ U-05 Engineer lays Concrete. 01555_ D-53 Grenadier knocked back. 01555_ U-05 Engineer lays Concrete. 01556_ Assault Cannon destroyed. 01557_ The unstable cave ceiling collapses. 01557_ Arm. Wheel destroyed. 01557_ U-05 Engineer lays Concrete. 01558_ Assault Cannon destroyed. 01559_ The unstable cave ceiling collapses. 01559_ U-05 Engineer lays Concrete. 01561_ U-05 Engineer destroyed. 01562_ The unstable cave ceiling collapses. 01562_ D-53 Grenadier destroyed. 01563_ The unstable cave ceiling collapses. Map ----- +----------------------------------------------------+ | ?????????????????????????## #??# #????????# | | ????????????????????????## #??# #??##????# | | #???????????????????????# #??# ### ###### | | ##??????????????????????# #??# ## =%== | | #??????????????????????# #??# ####### | | ##????????????????????## #??# ##?????? | | #???##########??????## ##??# ###?????## | | & ##??# #?????## ###???# ########## | | #### ###### #????## ##????## ### | | ## #????# #???## ##????## ### | | ##???# #???# ##?#### ###### | | ##??# #???# ### ## #????# | | ## ##?# #???## ## #????# | | # #### ### #????## #????# | | # #### ## #?????## > # ####????# | | ## ## ## ######## ### # ##???????## | | ?## ### #?## ## ##?????????? | | ??# ############ #??### ### #??????????? | | ??# ########### #????####?# #??????????? | | ??# #####?????# #??????????? | | ??# # ###???# #??????????? | | ??## ############# %= #???# #??????????# | | ???## ###?????????## ! ##???# ?????????## | | ????#####???????????# #??? ?????????#" | | ????????????????????# #??? ?????????#" | | ????????????????????# # @ #???? ?????????#" | | ????????????????????# #???? ????????#" | | ??????????????????# # #???#####?????????## | | ??????????????????#$ ##??????????????????# | | ??????????????????#;;;d ##???????????????????? | | ?????????????????# ##;# ##????????????????????? | | ?????????????????####?# # #?????????????????????? | | ??????????????????????### #?????????????????????? | | ????????????????????????# #?????????????????????? | | ????????????????????????# #?????????????????????? | | ????????????????????????# ?????????????????????? | | ????????????????????????# #?????????????????????# | | ????????????????????????# #?????????????????????# | | ????????????????????????# #?????????????????????# | | ????????????????????????# ?????????????????????# | | ????????????????????????#$ ??????????????????#### | | ?????????????????????????###??????????????????# | | ??????????????????????????????????????????????# ## | | ??????????????????????????????????????????????#??? | | ?????????????????????????????????????????????????? | | ?????????????????????????????????????????????????? | | ?????????????????????????????????????????????????? | | ?????????????????????????????????????????????????? | | ?????????????????????????????????????????????????? | | ?????????????????????????????????????????????????? | +----------------------------------------------------+ Best States ------------- Heat Dissipation 50 Coolant Potential 50 Energy Generation 14 Energy Capacity 265 Matter Stores 300 Matter Capacity 300 Sight Range 16 Terrain Scan Density 10 Armor Coverage 300 Weapon Cycling 15 Evasion (%) 44 Item Schematics ----------------- None Robot Schematics ------------------ None Fabricated ------------ Nothing Alien Tech Used ----------------- None Achievements -------------- None Challenges ------------ None Game ------ Seed DerelictMiningBlade Manual? 0 Play Time 00:15:41 Cumulative 665.1 hours Start 2019.10.30 @ 14:11:41 End 2019.10.30 @ 14:25:13 Sessions 1 Manual Loads 0 Difficulty Rogue Special Mode None Game No. 164 Rogue 164 Adventurer 0 Explorer 0 Win Type - Total 29 Types 21/0/2/3/2/0/1 Lore% 96 Gallery% 97 Achievement% 90 Wizard Run 0 Options --------- ASCII 0 Keyboard 1 Movement Numpad Keybinds 0 Fullscreen 1 Font 18/SmallcapsGlow Map View 76x50 Tactical HUD 1 Map Filters NONE Filters NONE Steam 1 RUN: 8be3eb40-fd3a-4655-a8a5-aff5524d0f4c